 Dungeon Crawl Stone Soup version 0.17.0-22-g5edae84 (console) character file.

88 jw the Chopper (level 4, -2/33 HPs)
             Began as an Octopode Berserker on Nov 12, 2015.
             Was a Believer of Trog.
             Slain by Menkaure (22 damage)
             ... on level 4 of the Dungeon.
             The game lasted 00:10:15 (3842 turns).

jw the Chopper (Octopode Berserker)                 Turns: 3842, Time: 00:10:15

Health: -2/33      AC:  1    Str: 16    XL:     4   Next: 54%
Magic:  4/4        EV: 13    Int:  9    God:    Trog [**....]
Gold:   148        SH:  0    Dex: 12    Spells: 0 memorised, 3 levels left

rFire  . . .     SeeInvis .     b - +0 war axe
rCold  . . .     Clarity  .     (no shield)
rNeg   . . .     SustAt   .     (helmet restricted)
rPois  .         Gourm    .     (no amulet)
rElec  .         Spirit   .     (no ring)
rCorr  .         Warding  .     (no ring)
rMut   .         Stasis   .     (no ring)
MR     ++...                    (no ring)
Stlth  ++........               (no ring)
                                (no ring)
                                (no ring)
                                (no ring)

@: regenerating, very resistant to hostile enchantments, unstealthy
A: almost no armour, amphibious, 8 rings, constrict 8, camouflage 1, gelatinous
body 1
a: Berserk, Trog's Hand, Burn Spellbooks, Renounce Religion


You were on level 4 of the Dungeon.
You worshipped Trog.
Trog was pleased with you.
You were not hungry.

You visited 1 branch of the dungeon, and saw 4 of its levels.

You collected 148 gold pieces.

Inventory:

Hand Weapons
 b - a +0 war axe (weapon)
Missiles
 c - 64 stones
 d - 15 poisoned needles
 e - 2 poisoned javelins (quivered)


   Skills:
 + Level 3.9 Fighting
 * Level 4.0 Axes
 + Level 1.7 Throwing
 - Level 3.0 Dodging


You had 3 spell levels left.
You didn't know any spells.

Dungeon Overview and Level Annotations

Branches:
Dungeon (4/15)
 Temple: D:4-7

Altars:
Dithmenos
Elyvilon
Gozag
Yredelemnul

Shops:
D:2 *

Annotations:
D:4 Menkaure


Innate Abilities, Weirdness & Mutations

You cannot wear most types of armour.
You are amphibious.
You can wear up to eight rings at the same time.
You can use your tentacles to constrict eight enemies at once.
Your skin changes colour to match your surroundings (Stealth).
Your rubbery body absorbs attacks (AC +1).


Message History

Unknown command.
Unknown command.
Unknown command.
Unknown command.
ATTACK MOVE TO (0,1) Menkaure shouts!
Menkaure calls on the powers of darkness!
Your body is wracked with pain!
Unknown command.
Unknown command.
Unknown command.
Unknown command.
ATTACK MOVE TO (1,1) Unknown command.
Unknown command.
Unknown command.
Unknown command.
Menkaure hits you!!
Ouch! That really hurt!
You die...

#>................
#..!<.............
#.#....#####........
#..................#
###....####....(#####.
#.####.....###......
.....................
.._ ..................
#...
..........x....... #..
..........M.......
..##....#...#####.
........#....
......###### ......
.....


You could see Menkaure.

Table legend:
 A = Turns spent in this place as a percentage of turns spent in the entire game.
 B = Non-inter-level travel turns spent in this place as a percentage of non-inter-level travel turns spent in the entire game.
 C = Inter-level travel turns spent in this place as a percentage of turns spent in this place.
 D = Turns resting spent in this place as a percentage of non-inter-level travel turns spent in this place.
 E = Turns spent auto-exploring this place as a percentage of non-inter-level travel turns spent in this place.
 F = Non-inter-level travel turns spent in this place divided by the number of levels of this place that you've seen.
                   A       B       C       D       E      F
               +-------+-------+-------+-------+-------+----------------------
         Total | 100.0 | 100.0 |   0.5 |   0.8 |   2.4 | 1285.2
       Dungeon | 100.0 | 100.0 |   0.5 |   0.8 |   2.4 | 1285.2
               +-------+-------+-------+-------+-------+----------------------

Table legend:
 A = Kills in this place as a percentage of kills in entire the game.
 B = Kills by you in this place as a percentage of kills by you in the entire game.
 C = Kills by friends in this place as a percentage of kills by friends in the entire game.
 D = Other kills in this place as a percentage of other kills in the entire game.
 E = Experience gained in this place as a percentage of experience gained in the entire game.
 F = Experience gained in this place divided by the number of levels of this place that you have seen.
                   A       B       C       D       E      F
               +-------+-------+-------+-------+-------+----------------------
         Total | 100.0 | 100.0 |  -nan |  -nan | 100.0 |  31.8
       Dungeon | 100.0 | 100.0 |  -nan |  -nan | 100.0 |  31.8
               +-------+-------+-------+-------+-------+----------------------

Vanquished Creatures
  An adder (D:2)
  An ooze (D:3)
  3 worms (D:2)
  A giant gecko (D:2)
  4 orcs (D:3)
  8 bats
  2 gnoll zombies (D:3)
  A hobgoblin (D:1)
  6 jackals
  A quokka (D:4)
  2 ball pythons
  4 giant cockroaches
  4 giant newts
  8 goblins
  9 kobolds
  7 rats
62 creatures vanquished.

Notes
Turn   | Place    | Note
--------------------------------------------------------------
     0 | D:1      | jw the Octopode Berserker began the quest for the Orb.
     0 | D:1      | Reached XP level 1. HP: 16/16 MP: 1/1
   221 | D:1      | Reached XP level 2. HP: 21/21 MP: 2/2
   562 | D:1      | Reached ** piety under Trog
   765 | D:1      | Reached XP level 3. HP: 24/26 MP: 3/3
  1051 | D:2      | Found Gozag's Platinum Reserve.
  1056 | D:2      | Found an opulent altar of Gozag.
  1615 | D:2      | Reached skill level 1 in Throwing
  2036 | D:2      | Reached XP level 4. HP: 26/33 MP: 4/4
  2221 | D:2      | Found a white marble altar of Elyvilon.
  3118 | D:3      | Reached skill level 4 in Axes
  3144 | D:3      | Reached *** piety under Trog
  3144 | D:3      | Received a gift from Trog
  3463 | D:3      | Found a basalt altar of Yredelemnul.
  3828 | D:4      | Found a shadowy altar of Dithmenos.
  3835 | D:4      | Noticed Menkaure
  3842 | D:4      | Slain by Menkaure

Action                   |  1- 3 |  4- 6 || total
-------------------------+-------+-------++-------
Melee: Hand axe          |   110 |    21 ||   131
       War axe           |       |     3 ||     3
Throw: Stone             |   163 |    70 ||   233
       Javelin           |       |     7 ||     7
Invok: Trog's Hand       |       |     1 ||     1
  Eat: Chunk             |     3 |     4 ||     7
       Bread ration      |       |     1 ||     1

Vault maps used:
D:1:      nicolae_arrival_washed_ashore
D:2:      nicolae_overflow_hidden_temple, nicolae_gozag_zags_fifth_avenue,
          minmay_hedge_maze
D:3:      lemuel_zombie_altar_yredelemnul, grunt_decor_arrowhead,
          roderic_lattice_a
D:4:      overflow_temple_1_default, grunt_dithmenos_smoke, serial_shops, shop,
          first_bread, uniq_menkaure
